Unix NetHack Version 5.0.0-0 post-release - last build Jul 19 2026 19:10:59 (3aa4ab31751d3886436d94b585a96704892fd477,branch:main).

Game began 2026-07-25 14:38:20, ended 2026-07-26 01:21:20.

HumaRuntu, neutral female human Valkyrie

              --------
              |.......#########[###)####)###)################
              |...<..|    --------------------------------- ##
              |.......####|...-..|..|..........-..|..|....|  ####
              |......|   #|...|..|..|..........|  |..|....|     #
              --..-.--   #|...-----|-..........----|--....|     ###---------
               ## ##     #|...............................-########.....>..|
               #  ##     #|...---|-|----.......-|-----|--.|######  |.......|
              #####      #|...|.%.|%)%.|{......|..|..|..|.|#    #  |.......|
             ###  #      #|...|.%.|%.%%|.......|..|..|..|.|#    ###...%...^|
            #######      #|...|%..|%+).|.......----|-----.|#       ---------
           ######        #|...|!.%|....|....{.............|#
       ---.-.---|-       #|...|---------..-------|-------.|#
       |.........|       #|...-.(((|......|((..|...|*!%.|.|#
       |.........|       #....|.((%|......|(%((|...|!.=.-.|#
       |......```|        |...|.(((|......-.(((|.)[|%!%[|.|#
       -----------        |...------......---------------.|#
                          |...............................|#
                          ---------------------------------#

HumaRuntu the Fighter       St:18/01 Dx:15 Co:18 In:7 Wi:9 Ch:9  Neutral
Dlvl:6  $:704 HP:0(77) Pw:18(18) AC:-2 Xp:8 T:5317 

Latest messages:
 j - a cursed iron wand.
 The priest of Loki swings his mace.
 The priest of Loki hits!
 The priest of Loki kicks!
 The priest of Loki points at you, then curses.
 The priest of Loki picks up a cursed food ration.
 Pick a monster, object or location.
 i        an imp or minor demon (manes)
 You destroy the manes!
 What do you want to zap? [djpJX or ?*] *
 In what direction? h
 The leprechaun disappears!
 It hits!
 You hit it.
 You hit it.
 It hits!
 You kill it!
 e - a magenta potion.
 $ - 92 gold pieces (704 in total).
 You see here a stalker corpse.
 You find an arrow trap.
 What do you want to take off? [chioI or ?*] *
 You were wearing an uncursed +0 dwarvish cloak.
 What do you want to wear? [qI or ?*] q
 Suddenly you cannot see yourself.
 You are now wearing a cloak of invisibility.
 You see here a stalker corpse.
 Pick a monster, object or location.
 #        can be many things (lit corridor)
 What do you want to zap? [djpJX or ?*] *
 In what direction? h
 The horse turns into a frost giant!
 What do you want to zap? [djpJX or ?*] *
 In what direction? h
 The frost giant turns into a wood nymph!
 What do you want to zap? [djpJX or ?*] d
 In what direction? h
 The wood nymph disappears!
 It hits!
 You hit it.
 It hits!
 You hit it.
 You attack thin air.
 It hits!
 You die...
 Do you want your possessions identified? [ynq] (y) y
 Do you want to see your attributes? [ynq] (y) y
 Do you want an account of creatures vanquished? [ynaq] (y) y
 Do you want to see your conduct and achievements? [ynq] (y) y
 Do you want to see the dungeon overview? [ynq] (y) y

Inventory:
 Coins    ('$')
  $ - 704 gold pieces
 Weapons  (')')
  b - a blessed +0 dagger (at the ready)
  a - a +3 spear (weapon in right hand)
 Armor    ('[')
  h - an uncursed rusty +1 helmet (being worn)
  o - an uncursed +0 pair of leather gloves (being worn)
  i - a blessed +0 pair of low boots (being worn)
  c - an uncursed burnt +3 small shield (being worn)
  q - an uncursed +0 cloak of invisibility (being worn)
  I - an uncursed +0 dwarvish cloak
  x - an uncursed +0 elven mithril-coat (being worn)
 Comestibles  ('%')
  M - an uncursed candy bar labeled "Crispy Yum Yum"
  Y - an uncursed pancake
  N - an uncursed tripe ration
  K - an uncursed tin of spinach
 Scrolls  ('?')
  u - an uncursed scroll of confuse monster
  t - an uncursed scroll of create monster
  H - a blessed scroll of destroy armor
  s - an uncursed scroll of destroy armor
  A - an uncursed scroll of earth
  W - a blessed scroll of fire
  D - an uncursed scroll of scare monster
  B - a blessed scroll of teleportation
 Potions  ('!')
  z - an uncursed potion of confusion
  n - an uncursed potion of extra healing
  f - 2 uncursed potions of fruit juice
  e - a blessed potion of full healing
  U - an uncursed potion of restore ability
 Rings    ('=')
  g - an uncursed ring of polymorph control (on right hand)
  y - an uncursed ring of searching (on left hand)
 Wands    ('/')
  X - a wand of digging (0:6)
  j - a cursed wand of light (0:12)
  p - a wand of magic missile (0:0)
  J - a wand of polymorph (0:6)
  d - a wand of polymorph (0:1)
 Tools    ('(')
  T - an uncursed bag of holding containing 14 items
  Z - a cursed credit card
  Q - an uncursed leash
  V - a magic marker (0:79)
  C - an uncursed skeleton key
  E - an uncursed towel
  L - a +0 unicorn horn

Contents of the bag of holding:
  an uncursed +0 mummy wrapping
  a blessed scroll of identify
  2 uncursed scrolls of magic mapping
  2 uncursed potions of healing
  an uncursed ring of poison resistance
  an uncursed ring of protection from shape changers
  a wand of magic missile (0:7)
  an uncursed bugle
  2 uncursed rubies
  3 uncursed worthless pieces of blue glass
  an uncursed worthless piece of orange glass
  3 uncursed worthless pieces of violet glass
  an uncursed worthless piece of yellow glass
  an uncursed worthless piece of yellowish brown glass

HumaRuntu the Valkyrie's attributes:

Background:
 You were a Fighter, a level 8 human Valkyrie.
 You were neutral, on a mission for Odin
 who was opposed by Tyr (lawful) and Loki (chaotic).
 You were right-handed.
 You were in the Gnomish Mines, on level 6.
 You entered the dungeon 5317 turns ago.
 It was nighttime.
 You had 1356 experience points, 1204 more were needed to attain level 9.

Basics:
 You had 0 out of 77 hit points.
 You had all 18 energy points (spell power).
 Your armor class was -2.
 Your wallet contained 704 zorkmids.
 Autopickup was on for '$?!/="+' plus thrown.

Final Characteristics:
 Your strength was 18/01 (peak:18/04, limit:18/100).
 Your dexterity was 15 (limit:18).
 Your constitution was 18 (limit:18).
 Your intelligence was 7 (limit:18).
 Your wisdom was 9 (limit:18).
 Your charisma was 9 (limit:18).

Final Status:
 You weren't hungry.
 You were unencumbered.
 You were wielding a spear.
 You had basic skill with spear and could have enhanced that.

Final Attributes:
 You were piously aligned.
 You were cold resistant.
 You had automatic searching.
 You were invisible.
 You were stealthy.
 You were guarded.
 Your spell casting was impaired by metallic armor.
 You had polymorph control.
 You were fast.
 You are dead.

Miscellaneous:
 You encountered 1 bones level.
 Total elapsed playing time was 2 hours, 5 minutes and 4 seconds.

Major events:
 Turn
    1: HumaRuntu the neutral human Valkyrie entered the dungeon
  729: attained the rank of Skirmisher (level 3)
 1303: entered the Gnomish Mines
 2246: attained the rank of Fighter (level 6)
 3454: reached Mine Town
 5225: just blew up her bag of holding
 5317: killed by an invisible stalker

Spells:
 Name                 Level Category     Fail Retention
 force bolt             1   attack       100%  76%-100%

Skills:
 Fighting Skills
   bare handed combat [Unskilled]
   two weapon combat  [Unskilled]
   riding             [Unskilled]
 Weapon Skills
   dagger             [Basic]
   axe                [Unskilled]
   pick-axe           [Unskilled]
   short sword        [Unskilled]
   broadsword         [Unskilled]
   long sword         [Unskilled]
   two-handed sword   [Unskilled]
   saber              [Unskilled]
   hammer             [Unskilled]
   quarterstaff       [Unskilled]
   polearms           [Unskilled]
   spear              [Basic]
   trident            [Unskilled]
   lance              [Unskilled]
   sling              [Unskilled]
 Spellcasting Skills
   attack spells      [Unskilled]
   escape spells      [Unskilled]

Voluntary challenges:
 Character rerolling was not enabled.
 You never genocided any monsters.
 You never polymorphed an object.
 You never changed form.
 You used no wishes.
Achievements:
 You entered a shop.
 You attained the rank of Skirmisher.
 You entered the Gnomish Mines.
 You attained the rank of Fighter.
 You entered Minetown.
 You entered a temple.

 The Dungeons of Doom: levels 1 to 2
    Level 1:
       A fountain.
    Level 2:
       A scroll shop.
       Stairs down to The Gnomish Mines.
 The Gnomish Mines: levels 3 to 8
    Level 3:
    Level 4:
    Level 5:
    Level 6: <- You were here.
       Many shops, a temple and an altar, some fountains.
       Final resting place for
          you, killed by an invisible stalker.
    Level 7:
    Level 8:
       A grave.
       Final resting place for
          DeathOnAStick-Tou-Hum-Mal-Neu, killed by a magic missile zapped by a plains centaur.


Vanquished creatures:
  a ghost
  a stalker
  2 small mimics
  3 watchmen
  a quivering blob
  a leprechaun
 an orc mummy
  a yeti
  a gold golem
  a dog
  a jaguar
  a white unicorn
  a plains centaur
  a snake
  4 apes
  a bugbear
 an imp
  2 rock moles
  a fog cloud
  3 yellow lights
 12 gnome leaders
  2 gnomish wizards
  a gray ooze
  3 elf zombies
  9 dwarves
  a homunculus
  2 kobold shamans
  8 rothes
  a giant bat
  a wererat
 an iguana
  2 hobbits
  6 manes
  a large kobold
  2 hobgoblins
  8 giant rats
  3 cave spiders
  2 yellow molds
  a green mold
 38 gnomes
  2 gnome zombies
  3 geckos
  6 jackals
  a fox
  3 kobolds
  a goblin
 10 grid bugs
  2 lichens
  4 kobold zombies
  7 newts
172 creatures vanquished.

No species were genocided or became extinct.

Game over:
                       ----------
                      /          \
                     /    REST    \
                    /      IN      \
                   /     PEACE      \
                  /                  \
                  |    HumaRuntu     |
                  |      704 Au      |
                  |   killed by an   |
                  |    invisible     |
                  |     stalker      |
                  |                  |
                  |       2026       |
                 *|     *  *  *      | *
        _________)/\\_//(\/(/\)/\//\/|_)_______

Farvel HumaRuntu the Valkyrie...

You died in The Gnomish Mines on dungeon level 6 with 6460 points,
and 704 pieces of gold, after 5317 moves.
You were level 8 with a maximum of 77 hit points when you died.

